← All builds
Suicide front / Legion / Quick factory / OBSERVED BUILD

Standard suicide front

Legion Suicide front build order · Supreme Isthmus

Quick Bot Lab into Vehicle Plant to project force at middle early with Ballista, Satyr, Decurion and Lance, transitioning into Barrage artillery and an Advanced Metal Extractor as the game develops.

#rush #raid · 55 distinct matches · 26 players · 78% of Legion Suicide front games · team won 59% of 58 · Recently observed

HOW TO PLAY IT

Key timing: Legion Vehicle Plant by 1:01

  1. Take first mex while the bot lab goes down immediately.
  2. Finish the bot lab fast to start producing early bots.
  3. Queue the vehicle plant right after for Ballista and Satyr.
  4. Push Ballista and Barrage to contest middle early.
  5. Transition into an advanced mex once T2 constructor is up.

Phase by phase

TYPICAL OF ITS 55 GAMES
  1. 1
  2. 2
  3. 3
PLAY THE OPENING

Follow the example game's first 6:00 step by step: what to build now, what comes next, and where it goes. At 1× it keeps pace with your own game.

  1. 1

    Up to the Legion Bot Lab

    Economy
    • Metal Extractor2Mex
    Order
    1. Legion Bot LabLegion Bot Lab after 2 mexdone ~0:34, middle half 0:27–0:44

    By 0:18 in all: 2 mex

    The example game in this phase · 2 steps
    1. Mex
    2. Legion Bot LabLegion Bot Labdone 0:28 · typical 0:34
  2. 2

    Legion Bot Lab to 5:00

    Economy
    • Metal Extractor4Mex
    • Wind Turbine6Wind
    Army
    • Pharos4 Pharos
    Other
    • Radar Tower1 Radar Tower

    Some games also: Legion Construction Bot (47%) · Zagreus (47%) · con turret (43%) · Legion Construction Vehicle (40%) · Barrage (40%)

    By 5:00 in all: 5 mex · 7 wind · 1 con turret

    The example game in this phase · 19 steps
    1. GoblinGoblin ×2
    2. Mex
    3. ZagreusZagreus
    4. PharosPharos
    5. Solar
    6. ZagreusZagreus
    7. Legion Construction BotLegion Construction Bot ×2
    8. SatyrSatyr ×3
    9. Mex
    10. SatyrSatyr ×2
    11. PharosPharos
    12. SatyrSatyr ×5
    13. Mex
    14. Legion Construction BotLegion Construction Bot ×2
    15. PharosPharos
    16. BallistaBallista ×4
    17. HiveHive
    18. Mex
    19. BallistaBallista ×3
  3. 3

    5:00 to 10:00

    Economy
    • Metal Extractor1Mex
    • Wind Turbine11Wind
    Builders
    • Construction Turret1 Con turret

    Some games also: Radar Tower (48%) · Pharos (43%) · energy storage (41%) · Lance (34%) · Zagreus (34%)

    By 10:00 in all: 6 mex · 19 wind · 1 energy storage · 3 con turret

    The example game in this phase · 88 steps
    1. Legion DroneLegion Drone ×3
    2. BallistaBallista
    3. Legion DroneLegion Drone
    4. HiveHive
    5. BallistaBallista
    6. Legion DroneLegion Drone
    7. BallistaBallista
    8. Legion DroneLegion Drone
    9. BallistaBallista
    10. Legion DroneLegion Drone
    11. Con turret
    12. BallistaBallista ×2
    13. PhobosPhobos
    14. Dragon's TeethDragon's Teeth ×5
    15. Mex
    16. Dragon's TeethDragon's Teeth ×2
    17. PhobosPhobos
    18. Dragon's TeethDragon's Teeth ×6
    19. HiveHive
    20. Dragon's TeethDragon's Teeth ×2
    21. ShipyardShipyarddone 8:03
    22. Legion DroneLegion Drone ×3
    23. PhobosPhobos
    24. Legion DroneLegion Drone ×2
    25. HippocampusHippocampus
    26. Legion DroneLegion Drone
    27. PharosPharos
    28. HippocampusHippocampus ×2
    29. PhobosPhobos
    30. Dragon's JawDragon's Jaw
    31. Mex
    32. BallistaBallista
    33. Construction ShipCon ship
    34. Advanced Metal ExtractorT2 mexdone 10:23
    35. Legion Bot LabEat Legion Bot Labreclaimed for its metal
    36. IapetusIapetus
    37. Wind ×3
    38. Advanced Metal ExtractorT2 mex
    39. SyracusiaSyracusiadone 12:08
    40. Wind ×3
    41. Legion DroneLegion Drone
    42. Advanced Metal ExtractorT2 mex
    43. Legion DroneLegion Drone ×3
    44. Wind
    45. Legion DroneLegion Drone
    46. Wind
    47. Legion DroneLegion Drone
    48. SyracusiaSyracusia
    49. Wind
    50. Legion DroneLegion Drone
    51. Wind
    52. Legion DroneLegion Drone
    53. Wind
    54. Legion DroneLegion Drone
    55. Wind
    56. Legion DroneLegion Drone
    57. Fusion ReactorFusionnot finished by 15:00
    58. Wind
    59. Legion DroneLegion Drone
    60. Wind
    61. Legion DroneLegion Drone ×2
    62. SyracusiaSyracusia
    63. Wind
    64. Legion DroneLegion Drone
    65. Wind
    66. Legion DroneLegion Drone ×2
    67. Wind ×2
    68. Legion DroneLegion Drone
    69. Wind ×2
    70. Legion DroneLegion Drone ×2
    71. ArgonautArgonaut
    72. Wind
    73. Legion DroneLegion Drone
    74. ArgonautArgonaut
    75. Wind
    76. Legion DroneLegion Drone ×2
    77. Wind
    78. ArgonautArgonaut
    79. Wind
    80. Legion DroneLegion Drone
    81. Wind
    82. Legion DroneLegion Drone
    83. ArgonautArgonaut
    84. Wind
    85. Legion DroneLegion Drone
    86. Wind ×2
    87. ArgonautArgonaut
    88. Mex

Counts are medians over the build's games: half of them build more, half fewer. The example game is Boozha's (35 OS, 06/09/2026); pick another.

Team trades

IN AT LEAST 30% OF ITS GAMES

You hand over

Nothing regular.

You get

  • Tidal Generator4 Tidal from Pondfirst at 0:11 · in 52% of games
  • Advanced Construction Bot1 T2 con bot from Geo or Techfirst at 7:31 · in 48% of games

How it plays out

Typical game of this build, running totals by minute

Metal produced

010k20k
0:005:0010:0015:00

metal

Enemy metal destroyed

05k10k
0:005:0010:0015:00

metal

Own metal lost

05k10k
0:005:0010:0015:00

metal

58 games.

Show as table
ByMetal produced: This buildEnemy metal destroyed: This buildOwn metal lost: This build
1:0029100
2:0087900
3:00181617250
4:002790448305
5:0038781092670
6:00489218251130
7:00589328741953
8:00727243202701
9:00847447363265
10:00972553614448
11:001112356284806
12:001315858645595
13:001386663557159
14:001569070087595
15:001756675898181
WHAT THE NUMBERS SAY

This aggressive opening wins more often than the role's other lines, with enemy metal destroyed well above own losses by 15:00.

  • + Enemy metal destroyed (9422) nearly doubles own metal lost (8541) by 15:00.
  • + Team wins 58% of games, strongest result among these roles.
  • − Own metal lost climbs fast early, 770 by 5:00 from committing hard.
THE EXAMPLE YOU ARE READING

Boozha

34.7 OS · 06/09/2026

Open source match ↗

15 received units · includes a constructor
211 metal received · 32979 energy received

Allied construction assistance is unknown. Timings are observations, not a promise of solo reproducibility.

Typical milestones

Legion Bot Lab0:34Middle 50%: 0:27–0:44 · n=34
Legion Vehicle Plant0:40Middle 50%: 0:30–1:01 · n=36

Played most by

XuunnY11games of this build_X_6games of this build[crd]sisa4games of this buildChancho4games of this buildxabre3games of this build